 Dungeon Crawl Stone Soup version 0.31-a0-971-g75a2e9a4b4 (webtiles) character file.

Game seed: 14288987053227121736

85 zenocrate the Sneak (level 4, 0/21 HPs)
             Began as a Vine Stalker Enchanter on Oct 28, 2023.
             Slain by a black bear (3 damage)
             ... on level 3 of the Dungeon.
             The game lasted 00:02:17 (1929 turns).

zenocrate the Sneak (Vine Stalker Enchanter)        Turns: 1929, Time: 00:02:18

Health: 0/21       AC:  5    Str: 10    XL:     4   Next: 48%
Magic:  0/8        EV: 12    Int: 15    God:
Gold:   211        SH:  0    Dex: 17    Spells: 0/8 levels left

rFire   . . .        b - +1 dagger (drain)
rCold   . . .        (no shield)
rNeg    . . .        g - +0 robe
rPois   .            (no helmet)
rElec   .            d - +2 cloak
rCorr   .            (no gloves)
SInv    .            (no boots)
Will    .....        i - amulet of magic regeneration
Stlth   +++          (no ring)
HPRegen 1.03/turn    (no ring)
MPRegen 0.51/turn

%: guardian spirit
@: very slightly contaminated
A: fangs 2, regeneration 1, magic shield, antimagic bite, no potion heal 2
a: no special abilities


You were on level 3 of the Dungeon.
You visited 1 branch of the dungeon, and saw 4 of its levels.

You collected 211 gold pieces.

Inventory:

Hand Weapons
 a - a +1 dagger
 b - a +1 dagger of draining (weapon)
 n - a +0 rapier
Missiles
 s - 10 poisoned darts
Armour
 d - a +2 cloak (worn)
 g - a +0 robe (worn)
Jewellery
 h - an amulet of reflection
 i - an amulet of magic regeneration (around neck)
Wands
 q - a wand of mindburst (24)
Scrolls
 f - a scroll of torment {unknown}
 j - a scroll of enchant armour {unknown}
 k - 2 scrolls of butterflies {unknown}
 l - a scroll of fog {unknown}
 m - 2 scrolls of identify {unknown}
 o - a scroll of poison {unknown}
 r - a scroll of enchant weapon {unknown}
 u - a scroll of teleportation {unknown}
 w - a scroll of noise {unknown}
Potions
 c - 2 potions of invisibility
 e - a potion of curing {unknown}
 p - a potion of enlightenment {unknown}
 t - a potion of heal wounds {unknown}
 v - a potion of attraction {unknown}
 x - a potion of degeneration {unknown}


   Skills:
 + Level 1.8 Short Blades
 - Level 1.5 Dodging
 + Level 4.5 Stealth
 + Level 2.6 Spellcasting
 + Level 3.5 Hexes
 + Level 1.4 Ice Magic


You couldn't memorise any spells.
You knew the following spells:

 Your Spells              Type           Power      Damage    Failure   Level
a - Ensorcelled Hibernat  Hex/Ice        18%        N/A       12%         2
b - Confusing Touch       Hex            12%        N/A       14%         3
c - Tukima's Dance        Hex            12%        N/A       14%         3

Your spell library contained the following spells:

 Spells                   Type           Power      Damage    Failure   Level
 Dazzling Flash           Conj/Hex       14%        N/A       30%         3


Dungeon Overview and Level Annotations

Branches:
Dungeon (4/15)
 Temple: D:4-7

Altars:
Hepliaklqana
Sif Muna
Trog

Annotations:
D:4 Robin


Innate Abilities, Weirdness & Mutations

You have extremely sharp teeth.
Your natural rate of healing is unusually fast.
When hurt, damage is shared between your health and your magic reserves.
Your bite disrupts and absorbs the magic of your enemies.
Potions cannot restore your health.


Message History

The goblin hits you but does no damage.
The quokka bites you but does no damage.
The black bear barely misses you.
The black bear claws you but does no damage.
The black bear claws you.
* * * LOW HITPOINT WARNING * * *
The goblin barely misses you.
Casting: Ensorcelled Hibernation (safe; 12% risk of failure)
Confirm with . or Enter, or press ? or * to list all spells.
You don't have enough magic to cast this spell.
Unknown command.
Unknown command.
You hit the black bear. You bite the black bear. You drain its power.
You feel invigorated.
The black bear is moderately wounded.
The quokka misses you. The goblin barely misses you.
The black bear bites you but does no damage.
The black bear claws you but does no damage. x2
The goblin hits you but does no damage.
You hit the black bear. You bite the black bear. You drain its power.
You feel invigorated.
The black bear is heavily wounded.
The quokka misses you. The goblin closely misses you. The black bear bites you.
* * * LOW HITPOINT WARNING * * *
The black bear claws you but does no damage.
The black bear claws you.
* * * LOW HITPOINT WARNING * * *
The goblin hits you with a +0 dagger.
* * * LOW HITPOINT WARNING * * *
Unknown command.
Casting: Ensorcelled Hibernation (safe; 12% risk of failure)
Confirm with . or Enter, or press ? or * to list all spells.
Aiming: Ensorcelled Hibernation (safe; 12% risk of failure)
Press: ? - help, Shift-Dir - straight line, f/p - black bear
Aim: a black bear (heavily wounded, chance to affect: 43%)
You miscast Ensorcelled Hibernation.
You are very lightly contaminated with residual magic.
Nothing appears to happen.
The quokka closely misses you. The goblin barely misses you.
The black bear bites you.
You die...

#.#.#.################ #.#.#.# #
#.#.#.# ##### #.#.#.####### ....#
#...........# ###.#
###.#.#####.####### ## # #.#
###.#.##..........# #. ###.##
#####..grgh..##.#####.# #. .....#
#......gg@#####.# #.# #. ###..#
#.###.#.### #.# #.# #. #..# #.#
#.#.# #.# #.# #. #..# #.# #...#
#.# #.# #. ###..###.####..# ##.##
#<# #. .....##........# ##.#.##
#.# #.
.#......<.###.######.###.###.###.
.###.##.#.# #.# #...## ##........
.# #.##.#.# #.# #.##.###......###


You could see a black bear, a quokka and 4 goblins.

Vanquished Creatures
  3 adders
  2 worms (D:2)
  A dart slug (D:2)
  An orc (D:3)
  6 ball pythons
  2 endoplasms
  2 giant cockroaches
  5 goblins
  7 hobgoblins
  A jackal (D:2)
  4 kobolds
  3 quokkas
  3 bats
  3 frilled lizards
  5 rats
48 creatures vanquished.

Notes
Turn   | Place    | Note
-------+----------+-------------------------------------------
     0 | D:1      | zenocrate the Vine Stalker Enchanter began the quest for
                  | the Orb.
     0 | D:1      | Reached XP level 1. HP: 9/9 MP: 4/4
    41 | D:1      | Reached skill level 1 in Short Blades
   202 | D:1      | Reached XP level 2. HP: 13/13 MP: 6/6
   205 | D:1      | Learned a level 2 spell: Ensorcelled Hibernation
   235 | D:1      | Reached skill level 4 in Stealth
   598 | D:2      | Reached XP level 3. HP: 16/16 MP: 7/7
   867 | D:2      | Learned a level 3 spell: Confusing Touch
   875 | D:2      | Reached skill level 1 in Ice Magic
  1051 | D:2      | Reached XP level 4. HP: 21/21 MP: 8/8
  1318 | D:3      | Noticed a bullfrog
  1514 | D:3      | Found a bloodstained altar of Trog.
  1642 | D:3      | Found a shimmering blue altar of Sif Muna.
  1642 | D:3      | Found a hazy altar of Hepliaklqana.
  1876 | D:3      | Learned a level 3 spell: Tukima's Dance
  1908 | D:4      | Noticed Robin
  1908 | D:4      | Noticed a black bear
  1929 | D:3      | Slain by a black bear

Illustrated notes

Levels and vault maps discovered:
D:1:      dpeg_arrival_fog, layout_rooms, minmay_misc_feat_ornament,
          minmay_domino_4
D:2:      layout_loops_ring, minmay_tiny_reverse_x
D:3:      layout_loops_ring, mainiacjoe_overflow_concentric_impassable,
          gammafunk_temple_overflow_pools, lightli_corner_chamber
D:4:      layout_gridville, uniq_robin

Skill      XL: |  1  2  3 |
---------------+----------+-----
Short Blades   | 1 |  1.8
Stealth        | 4 |  4.5
Ice Magic      | 1 |  1.4
Dodging        | |  1.5
Spellcasting   | |  2.6
Hexes          | |  3.5

Action                     |  1- 3 |  4- 6 || total
---------------------------+-------+-------++-------
  Melee: Dagger            |    76 |    25 ||   101
         Bite              |    14 |     3 ||    17
   Cast: Ensorcelled Hiber |     7 |     4 ||    11
   Stab: Sleeping          |    10 |     8 ||    18
         Distracted        |     1 |       ||     1
 Armour: Robe              |    31 |    48 ||    79
  Dodge: Dodged            |    41 |    30 ||    71

Table legend: (Time is in decaauts)
 A = Elapsed time spent in this place.
 B = Non-inter-level travel time spent in this place.
 C = Inter-level travel time spent in this place.
 D = Time resting spent in this place.
 E = Time spent auto-exploring this place.
 F = Levels seen in this place.
 G = Mean time per level.
                   A        B        C        D        E       F      G
               +--------+--------+--------+--------+--------+-----+--------+
         Total |   1923 |   1830 |     93 |      0 |   1443 |   4 |  480.8 |
       Dungeon |   1923 |   1830 |     93 |      0 |   1443 |   4 |  480.8 |
               +--------+--------+--------+--------+--------+-----+--------+

Top non-repeatable levels by time:
     D:3: 731 daAuts
     D:2: 706 daAuts
     D:1: 477 daAuts
     D:4: 8 daAuts
